 Dungeon Crawl Stone Soup version 0.30.0-5-g1a98f26d00 (webtiles) character file.

Game seed: 9567932345585460569

32 jasper the Chopper (level 3, 0/22 HPs)
             Began as a Gargoyle Gladiator on May 8, 2023.
             Slain by an endoplasm (1 damage)
             ... on level 2 of the Dungeon.
             The game lasted 00:01:10 (811 turns).

jasper the Chopper (Gargoyle Gladiator)              Turns: 811, Time: 00:01:11

Health: 0/22       AC:  7    Str: 19    XL:     3   Next: 25%
Magic:  3/3        EV: 12    Int:  8    God:
Gold:   64         SH:  0    Dex: 11    Spells: 2/2 levels left

rFire   . . .        a - +0 war axe
rCold   . . .        (no shield)
rNeg    + . .        b - +0 leather armour
rPois   ∞            c - +0 helmet
rElec   +            (no cloak)
rCorr   .            (no gloves)
SInv    .            (no boots)
Will    .....        (no amulet)
Stlth   +            (no ring)
HPRegen 0.23/turn    (no ring)
MPRegen 0.08/turn

%: no passive effects
@: no status effects
A: sickness immunity, AC +3, negative energy resistance 1, electricity
resistance, torment resistance 1, petrification resistance
a: no special abilities


You were on level 2 of the Dungeon.
You visited 1 branch of the dungeon, and saw 2 of its levels.

You collected 64 gold pieces.

Inventory:

Hand Weapons
 a - a +0 war axe (weapon)
Missiles
 d - 3 throwing nets
 e - a javelin
 k - a stone (quivered)
Armour
 b - a +0 leather armour (worn)
 c - a +0 helmet (worn)
Scrolls
 j - a scroll of silence {unknown}
Potions
 f - 3 potions of curing {unknown}
 g - a potion of might {unknown}
 h - 3 potions of attraction {unknown}
 i - a potion of lignification {unknown}


   Skills:
 + Level 2.7 Fighting
 * Level 3.3 Axes
 - Level 1.7 Throwing
 + Level 1.3 Armour
 - Level 2.4 Dodging


You had 2 spell levels left.
You didn't know any spells.
Your spell library was empty.

Dungeon Overview and Level Annotations

Branches:
Dungeon (2/15)

Altars:
Vehumet


Innate Abilities, Weirdness & Mutations

You are immune to sickness and miasma.
Your stone body is resilient. (AC +3)
You are immune to poison.
You resist negative energy. (rN+)
You are resistant to electric shocks. (rElec)
You are resistant to unholy torment.
You are immune to petrification.


Message History

The ball python closely misses you. x2; The adder barely misses you.
You miss the adder.
The adder is lightly wounded.
You hit the ball python.
You kill the ball python!
The adder bites you. The adder closely misses you.
You take 1 damage, and have 21/22 hp.
You completely miss the endoplasm. You closely miss the adder.
The endoplasm barely misses you. The adder barely misses you.
The endoplasm hits you.
You completely miss the endoplasm. You hit the adder. The adder bites you.
The adder bites you but does no damage. The endoplasm freezes you.
You are frozen.
You take 5 damage, and have 16/22 hp.
MASSIVE DAMAGE!!
You barely miss the endoplasm. You barely miss the adder.
The adder bites you but does no damage.
The endoplasm hits you but does no damage.
The adder closely misses you.
You hit the endoplasm.
The endoplasm is severely wounded.
You barely miss the adder. The endoplasm freezes you.
You are frozen.
The adder bites you. The endoplasm freezes you.
You are frozen.
The adder bites you but does no damage.
You take 9 damage, and have 7/22 hp.
MASSIVE DAMAGE!!
You closely miss the adder.
The adder is heavily wounded.
You hit the endoplasm but do no damage. The adder bites you but does no damage.
The endoplasm freezes you.
You are frozen.
* * * LOW HITPOINT WARNING * * *
You take 4 damage, and have 3/22 hp.
You closely miss the adder.
The adder is heavily wounded.
You barely miss the endoplasm. The adder bites you.
* * * LOW HITPOINT WARNING * * *
The endoplasm hits you.
You die...

... ... ... #.#
. #.# ##.. #.#
#... ...####S#
#..#
......J@##..#
#########...##
#............#
#............#
#............#
#............#
#............#
####
#######)########
....
...........#


You could see an adder and an endoplasm.

Vanquished Creatures
  2 dart slugs (D:1)
  4 ball pythons
  A giant cockroach (D:1)
  3 goblins
  3 hobgoblins
  4 jackals (D:1)
  4 kobolds
  A quokka (D:2)
  A frilled lizard (D:2)
  A rat (D:1)
24 creatures vanquished.

Notes
Turn   | Place    | Note
-------+----------+-------------------------------------------
     0 | D:1      | jasper the Gargoyle Gladiator began the quest for the Orb.
     0 | D:1      | Reached XP level 1. HP: 12/12 MP: 1/1
   109 | D:1      | Reached skill level 3 in Axes
   109 | D:1      | Reached XP level 2. HP: 10/18 MP: 2/2
   305 | D:1      | Found a faded altar of an unknown god.
   328 | D:1      | Reached skill level 1 in Armour
   343 | D:1      | Prayed at the altar of an unknown god.
   343 | D:1      | Became a worshipper of Vehumet
   343 | D:1      | Reached * piety under Vehumet
   343 | D:1      | Offered knowledge of Freeze by Vehumet.
   361 | D:1      | Fell from the grace of Vehumet
   656 | D:2      | Reached XP level 3. HP: 22/22 MP: 3/3
   811 | D:2      | HP: 1/22 [adder (2)]
   811 | D:2      | Slain by an endoplasm

Illustrated notes

Levels and vault maps discovered:
D:1:      dpeg_arrival_tiny_b, layout_loops_ring,
          chequers_ecumenical_altar_simple
D:2:      layout_basic, basic_altar, pf_guarded_unrand_woodcutter

Skill      XL: |  1  2 |
---------------+-------+-----
Axes           | 3 |  3.3
Armour         | 1 |  1.3
Fighting       | |  2.7
Throwing       | |  1.7
Dodging        | |  2.4

Action                     || total
---------------------------++-------
  Melee: War axe           ||    71
  Throw: Stone             ||     1
 Invoke: Renounce Religion ||     1
 Armour: Leather armour    ||    33
  Dodge: Dodged            ||    70
